 Dungeon Crawl Stone Soup version 0.31-a0-846-gb3bcc0d938 (webtiles) character file.

Game seed: 99718403299216215

2174 javelincjr the Changeling (level 9, -1/126 HPs)
             Began as a Troll Shapeshifter on Oct 3, 2023.
             Was an Elder of Trog.
             Slain by a killer bee (6 damage)
             ... on level 7 of the Dungeon.
             The game lasted 00:23:43 (5254 turns).

javelincjr the Changeling (Troll Shapeshifter)      Turns: 5254, Time: 00:23:43

Health: -1/126     AC:  6    Str: 32    XL:     9   Next: 11%
Magic:  11/11      EV: 11    Int:  6    God:    Trog [****..]
Gold:   145        SH:  0    Dex: 11    Spells: 8/8 levels left

rFire   . . .        r - +7 club
rCold   . . .        (no shield)
rNeg    . . .        j - +2 robe {Will+}
rPois   .            (helmet currently unavailable)
rElec   .            (cloak currently unavailable)
rCorr   .            (gloves unavailable)
SInv    +            (boots unavailable)
Will    +++..        (no amulet) Stlth
                     t - ring of see invisible
HPRegen 2.21/turn    p - +6 ring of strength
MPRegen 0.12/turn

%: no passive effects
@: berserking, lethally poisoned (-1 -> -15), beast-form, strong-willed,
regenerating, studying Invocations, very quick
A: beast (slay +4), large, unfitting armour, claws 3, regeneration 1, shaggy fur
1, tough skin 1
a: Begin Untransformation, Renounce Religion, Berserk, Trog's Hand, Brothers in
Arms


You were on level 7 of the Dungeon.
You worshipped Trog.
Trog was greatly pleased with you.
You were a hulking beast.
You visited 1 branch of the dungeon, and saw 7 of its levels.
You also visited: Sewer.

You collected 222 gold pieces.
You spent 77 gold pieces at shops.

Inventory:

Hand Weapons
 r - a +7 club (weapon)
 x - a +1 antimagic war axe
 B - a +0 dagger of draining
Missiles
 v - 11 poisoned darts
 y - a curare-tipped dart
Armour
 a - a +1 animal skin
 e - a +0 pair of gloves
 j - a +2 robe of willpower (worn)
 A - a +1 cloak
Jewellery
 k - a ring of willpower
 p - a +6 ring of strength (right claw)
 t - a ring of see invisible (left claw)
 u - a ring of fire
Talismans
 c - a beast talisman (active)
 d - a flux talisman
 w - a maw talisman
Wands
 C - a wand of flame (10)
Scrolls
 i - 6 scrolls of teleportation
 q - a scroll of fog
Potions
 b - 2 potions of lignification
 f - 2 potions of might
 g - 3 potions of attraction
 h - a potion of degeneration {unknown}
 l - a potion of mutation {unknown}
 m - a potion of berserk rage {unknown}
 n - a potion of enlightenment {unknown}
 o - a potion of curing {unknown}
 s - 2 potions of haste
 z - 2 potions of invisibility


   Skills:
 + Level 4.1 Fighting
 + Level 3.0 Maces & Flails
 + Level 4.2 Dodging
 + Level 5.7 Unarmed Combat
 + Level 4.1 Invocations
 * Level 7.0 Shapeshifting


You had 8 spell levels left.
You didn't know any spells.
Your spell library contained the following spells:

 Spells                   Type           Power      Damage    Failure   Level
 Magic Dart               Conj           0%         1d3       45%         1
 Call Imp                 Summ           0%         N/A       58%         2
 Cigotuvi's Dreadful Rot  Necr/Pois/Air  0%         N/A       58%         2
 Lesser Beckoning         Tloc           0%         N/A       58%         2
 Gell's Gravitas          Tloc           0%         N/A       83%         3
 Ignite Poison            Fire/Tmut/Pois 0%         N/A       83%         3
 Mephitic Cloud           Conj/Pois/Air  0%         N/A       83%         3
 Teleport Other           Tloc           0%         N/A       83%         3
 Freezing Cloud           Conj/Ice/Air   0%         6-21      100%        5


Dungeon Overview and Level Annotations

Branches:
Dungeon (7/15)             Temple (0/1) D:4           Sewer (visited)

Altars:
Dithmenos
Hepliaklqana
Makhleb
Qazlal
Ru
Trog
Xom
Yredelemnul
The Shining One

Shops:
D:3 :   D:4 :[


Innate Abilities, Weirdness & Mutations

You are a hulking beast.
Your limbs bulge with bestial killing power. (Slay +4)
You are too large for most types of armour.
You have claws for hands.
Your natural rate of healing is unusually fast.
You are covered in fur. (AC +1)
You have tough skin. (AC +1)


Message History

* * * LOW HITPOINT WARNING * * *
The killer bee stings you.
* * * LOW HITPOINT WARNING * * *
You bludgeon the killer bee!!
You kill the killer bee!
Trog accepts your kill.
You feel very sick. The killer bee barely misses you.
The killer bee stings you.
* * * LOW HITPOINT WARNING * * *
Your Maces & Flails skill increases to level 3!
Your Shapeshifting skill increases to level 7!
You sock the killer bee!
The killer bee is almost dead.
You feel very sick. The killer bee stings you.
* * * LOW HITPOINT WARNING * * *
The killer bee barely misses you.
You thump the killer bee!
You kill the killer bee!
Trog accepts your kill.
You feel sick. The killer bee closely misses you.
You thump the killer bee!
The killer bee is severely wounded.
You feel very sick. The killer bee stings you.
* * * LOW HITPOINT WARNING * * *
You are more poisoned.
The killer bee poisons you! The killer bee stings you.
* * * LOW HITPOINT WARNING * * *
You are more poisoned.
The killer bee poisons you!
You barely miss the killer bee.
The killer bee is severely wounded.
* * * LOW HITPOINT WARNING * * *
You feel very sick. The killer bee stings you.
* * * LOW HITPOINT WARNING * * *
You are more poisoned.
The killer bee poisons you! The killer bee stings you.
You die...

######### ######
##.......###################.....
.'.......+.....yh.......#..#.....
.#.......#.....#†.......'..#.....
.#.......###+####+####'#####.....
.#.................##..#.......##
.#.................#...#.......+.
.#.........).......#...#.......#.
...................###'#.......##
........#####+##(..........######
..#.....# #...#...........# #


You could see a killer bee.

Vanquished Creatures
  A wyvern (D:4)
  A steam dragon (D:6)
  An ice beast (D:6)
  3 black bears
  An ogre (D:4)
  A phantom (D:7)
  2 kobold brigands (Sewer)
  3 scorpions
  4 killer bees (D:7)
  3 jellies
  6 hounds
  An orc priest (D:7)
  4 iguanas
  A sleepcap (D:6)
  Terence (D:2)
  4 orc wizards
  Robin (D:2)
  14 adders
  A shadow imp (D:5)
  3 river rats (Sewer)
  A white imp (D:5)
  3 ufetubi
  A worm (D:2)
  4 dart slugs
  17 orcs
  5 ball pythons
  3 bats
  7 endoplasms
  8 giant cockroaches
  15 goblins
  13 hobgoblins
  11 jackals
  4 quokkas
  5 frilled lizards
  7 kobolds
  13 rats
173 creatures vanquished.

Notes
Turn   | Place    | Note
-------+----------+-------------------------------------------
     0 | D:1      | javelincjr the Troll Shapeshifter began the quest for the
                  | Orb.
     0 | D:1      | Reached XP level 1. HP: 18/18 MP: 0/0
   216 | D:1      | Reached skill level 1 in Fighting
   254 | D:1      | Reached XP level 2. HP: 27/27 MP: 1/1
  1069 | D:2      | Noticed Robin
  1091 | D:2      | Reached XP level 3. HP: 31/33 MP: 2/2
  1095 | D:2      | Killed Robin
  1269 | D:2      | Found a sacrificial altar of Ru.
  1303 | D:2      | Found a faded altar of an unknown god.
  1324 | D:2      | Prayed at the altar of an unknown god.
  1324 | D:2      | Became a worshipper of Trog the Wrathful
  1324 | D:2      | Reached * piety under Trog
  1325 | D:2      | Noticed Terence
  1336 | D:2      | Killed Terence
  1337 | D:2      | Reached XP level 4. HP: 27/42 MP: 3/3
  1987 | D:3      | Reached skill level 4 in Shapeshifting
  2038 | D:3      | Reached XP level 5. HP: 49/49 MP: 4/4
  2038 | D:3      | Reached ** piety under Trog
  2098 | D:3      | Found a glowing drain.
  2190 | Sewer    | Entered a sewer
  2329 | Sewer    | Reached XP level 6. HP: 56/57 MP: 5/5
  2942 | D:3      | Reached *** piety under Trog
  2990 | D:3      | Found Lihawe's Book Shop.
  3327 | D:4      | Reached skill level 5 in Shapeshifting
  3331 | D:4      | Noticed a wyvern
  3418 | D:4      | Found Qeagaomu's Antique Armour Emporium.
  3425 | D:4      | Bought an embroidered robe for 77 gold pieces
  3481 | D:4      | Reached XP level 7. HP: 50/66 MP: 6/6
  3501 | D:4      | Found Iniyl's Book Shoppe.
  3548 | D:4      | Found a stormy altar of Qazlal.
  3657 | D:4      | Found a staircase to the Ecumenical Temple.
  3747 | D:4      | Killed a wyvern
  3748 | D:4      | Reached skill level 1 in Invocations
  3755 | D:5      | Entered Level 5 of the Dungeon
  3766 | D:5      | Reached skill level 1 in Maces & Flails
  3833 | D:5      | Reached **** piety under Trog
  3903 | D:5      | Found a shimmering altar of Xom.
  3904 | D:5      | Found a shadowy altar of Dithmenos.
  3908 | D:5      | Reached XP level 8. HP: 75/75 MP: 8/8
  4009 | D:5      | Reached skill level 5 in Unarmed Combat
  4020 | D:5      | Reached skill level 6 in Shapeshifting
  4031 | D:5      | Found a hazy altar of Hepliaklqana.
  4378 | D:6      | Found a glowing golden altar of the Shining One.
  4414 | D:6      | Found a basalt altar of Yredelemnul.
  4817 | D:7      | Found a burning altar of Makhleb.
  5021 | D:7      | Reached XP level 9. HP: 84/84 MP: 9/11
  5251 | D:7      | Reached skill level 7 in Shapeshifting
  5254 | D:7      | HP: 5/126 [killer bee (5)]
  5254 | D:7      | Slain by a killer bee

Illustrated notes

Levels and vault maps discovered:
D:1:      mrwooster_arrival_statue_3, layout_basic
D:2:      layout_basic, basic_altar, hellmonk_ecumenical_altar_zigzags,
          chequers_serial_rivers_micro_c, hangedman_decor_slide_cut, uniq_robin,
          uniq_terence
D:3:      layout_basic, serial_shops, nicolae_shop_tiny_glass,
          gup_sewer_entry_spiral
D:4:      layout_rooms, mainiacjoe_overflow_brackets,
          minmay_temple_entry_arrows, serial_shops, nicolae_shop_statue_plus,
          shop, minmay_manual_mess
D:5:      layout_rooms, overflow_temple_1_default, grunt_temple_overflow_open
D:6:      layout_rooms, mainiacjoe_overflow_cross_hatched, lemuel_round_altar
D:7:      layout_gridville, mainiacjoe_overflow_catch_the_wave,
          makhleb_heckhound_becter

Skill      XL: |  1  2  3  4  5  6  7  8  9 |
---------------+----------------------------+-----
Fighting       | 1 2 3 4 |  4.1
Dodging        | 2 3 4 |  4.2
Shapeshifting  | 4 5 6 7 |  7.0
Unarmed Combat | 4 5 |  5.7
Invocations    | 2 4 |  4.1
Maces & Flails | 1 2 3 |  3.0

Action                     |  1- 3 |  4- 6 |  7- 9 || total
---------------------------+-------+-------+-------++-------
  Melee: Unarmed           |    79 |       |       ||    79
         Punch             |     2 |     8 |     7 ||    17
         Club              |    30 |   194 |   208 ||   432
 Invoke: Berserk           |       |       |     4 ||     4
         Trog's Hand       |       |       |     1 ||     1
    Use: Scroll            |       |    13 |     5 ||    18
         Potion            |       |       |     1 ||     1
   Stab: Sleeping          |       |     2 |       ||     2
 Armour: Animal skin       |    82 |   110 |       ||   192
         Robe              |       |    25 |   219 ||   244
  Dodge: Dodged            |    44 |    90 |   138 ||   272

Table legend: (Time is in decaauts)
 A = Elapsed time spent in this place.
 B = Non-inter-level travel time spent in this place.
 C = Inter-level travel time spent in this place.
 D = Time resting spent in this place.
 E = Time spent auto-exploring this place.
 F = Levels seen in this place.
 G = Mean time per level.
                   A        B        C        D        E       F      G
               +--------+--------+--------+--------+--------+-----+--------+
         Total |   5389 |   5199 |    190 |    147 |   3584 |   8 |  673.6 |
       Dungeon |   4779 |   4589 |    190 |    147 |   3192 |   7 |  682.7 |
         Sewer |    609 |    609 |      0 |      0 |    392 |   1 |  609.0 |
               +--------+--------+--------+--------+--------+-----+--------+

Top non-repeatable levels by time:
     D:2: 1001 daAuts
     D:1: 976 daAuts
     D:3: 786 daAuts
   Sewer: 609 daAuts
     D:5: 588 daAuts
     D:6: 514 daAuts
     D:7: 461 daAuts
     D:4: 450 daAuts
